 Dungeon Crawl Stone Soup version 0.30.1-11-g7821555f0a (webtiles) character file.

Game seed: 12117813016359226385

15 Eitelfritz the Covered (level 2, -2/26 HPs)
             Began as an Armataur Fighter on Jan 15, 2024.
             Frozen to death by an endoplasm (5 damage)
             ... on level 1 of the Dungeon.
             The game lasted 00:02:07 (481 turns).

Eitelfritz the Covered (Armataur Fighter)            Turns: 481, Time: 00:02:08

Health: -2/26      AC:  7    Str: 21    XL:     2   Next: 34%
Magic:  2/2        EV:  7    Int:  8    God:
Gold:   91         SH:  4    Dex:  9    Spells: 1/1 levels left

rFire   . . .        a - +0 flail
rCold   . . .        c - +0 buckler
rNeg    . . .        b - +0 scale mail
rPois   .            (no helmet)
rElec   .            (no cloak)
rCorr   .            (no gloves)
SInv    .            (no barding)
Will    .....        (no amulet) Stlth
                     (no ring)
HPRegen 0.24/turn    (no ring)
MPRegen 0.08/turn

%: roll
@: no status effects
A: large, rugged brown scales 3, deformed body, armoured tail, roll, long
tongue, awkward tongue
a: no special abilities


You were on level 1 of the Dungeon.
You visited 1 branch of the dungeon, and saw 2 of its levels.

You collected 91 gold pieces.

Inventory:

Hand Weapons
 a - a +0 flail (weapon)
Missiles
 k - 2 poisoned darts (quivered)
Armour
 b - a +0 scale mail (worn)
 c - a +0 buckler (worn)
Scrolls
 h - 2 scrolls of identify {unknown}
 i - a scroll of magic mapping {unknown}
 j - a scroll of fear {unknown}
Potions
 d - a potion of might
 e - a potion of degeneration {unknown}
 f - a potion of resistance {unknown}
 g - a potion of lignification {unknown}


   Skills:
 + Level 2.8 Fighting
 + Level 1.9 Maces & Flails
 + Level 4.1 Armour
 + Level 3.5 Shields


You had one spell level left.
You didn't know any spells.
Your spell library was empty.

Dungeon Overview and Level Annotations

Branches:
Dungeon (2/15)

Altars:


Innate Abilities, Weirdness & Mutations

You are completely covered in rugged brown scales. (AC +3, +7% HP)
Armour fits poorly on your strangely shaped body.
You have a long armoured tail.
You roll when moving toward enemies. (Rampage)
Your long tongue fully drains potion bottles. (2x potion effects)
Your tongue gives you trouble enunciating. (1.5x scroll delay)


Message History

The goblin is severely wounded.
The ball python bites you but does no damage.
The goblin hits you but does no damage. You block the endoplasm's attack.
The ball python barely misses you.
You closely miss the goblin.
The goblin is severely wounded.
The goblin hits you but does no damage. The endoplasm freezes you.
You are frozen.
The ball python barely misses you.
You closely miss the goblin.
The goblin is severely wounded.
The goblin hits you with a +0 dagger. The endoplasm closely misses you.
The ball python completely misses you. The endoplasm barely misses you.
The goblin barely misses you. You block the ball python's attack.
You barely miss the goblin.
Your tail-slap misses the goblin.
The goblin is severely wounded.
The ball python bites you but does no damage.
The goblin hits you with a +0 dagger. The endoplasm hits you.
You barely miss the goblin.
The goblin is severely wounded.
The ball python bites you but does no damage.
The goblin hits you with a +0 dagger. The endoplasm freezes you.
You are frozen.
* * * LOW HITPOINT WARNING * * *
The ball python bites you.
* * * LOW HITPOINT WARNING * * *
You thump the goblin!
You kill the goblin!
The endoplasm hits you but does no damage.
The ball python closely misses you. The endoplasm freezes you.
You are frozen.
* * * LOW HITPOINT WARNING * * *
You barely miss the quokka.
The quokka bites you but does no damage.
The ball python bites you but does no damage.
The endoplasm freezes you.
You are frozen.
You die...

... #.## ..... #..###
... .....# ... ##.#.#
... #.#.# #.# #.#.#
#.####.####^# #.#.#
#....JrS....# ##.#.#
#@# ....># ##.##
.#..####.######...#####
.#..............).....#
##..###########....##.#
##........ ......#.##.#
.....##### #######.##.#
##..## #.##.# #..#
#.##.#


You could see an endoplasm, a quokka and a ball python.

Vanquished Creatures
  An endoplasm (D:1)
  A giant cockroach (D:2)
  A goblin (D:1)
  A hobgoblin (D:1)
  A quokka (D:1)
  2 ball pythons
  3 bats (D:1)
  A frilled lizard (D:2)
  A kobold (D:1)
  2 rats (D:1)
14 creatures vanquished.

Notes
Turn   | Place    | Note
-------+----------+-------------------------------------------
     0 | D:1      | Eitelfritz the Armataur Fighter began the quest for the
                  | Orb.
     0 | D:1      | Reached XP level 1. HP: 19/19 MP: 1/1
   152 | D:1      | You fall into a shaft and drop 1 floor!
   242 | D:1      | Reached skill level 4 in Armour
   242 | D:1      | Reached XP level 2. HP: 20/26 MP: 2/2
   481 | D:1      | Frozen to death by an endoplasm

Illustrated notes

Levels and vault maps discovered:
D:1:      roderic_crossed_star, layout_loops_ring
D:2:      layout_rooms, minmay_rat_gold_closets, uniq_sigmund, uniq_robin

Skill      XL: |  1 |
---------------+----+-----
Armour         | 4 |  4.1
Fighting       | |  2.8
Maces & Flails | |  1.9
Shields        | |  3.5

Action                     || total
---------------------------++-------
  Melee: Flail             ||    41
         Tailslap          ||     2
 Armour: Scale mail        ||    26
  Dodge: Dodged            ||    27
  Block: Buckler           ||     8
